[Event "Live Chess"]
[Site "Chess.com"]
[Date "2024.06.02"]
[Round "-"]
[White "juniortay"]
[Black "Grace6363"]
[Result "1-0"]
[WhiteElo "2303"]
[BlackElo "1137"]
[TimeControl "300"]
[EndTime "7:23:54 PDT"]
[Termination "juniortay won by resignation"]

1. e4 c5 2. Nf3 Nc6 3. b4 b6 4. b5 Nb8 5. Bb2 f6 6. d4 Bb7 7. Nbd2 d6 8. Bc4 Nh6 9. O-O Nd7 10. Re1 Qc7 11. e5 d5 12. Bf1 Nf5 13.
exf6 Nxf6 14. dxc5 bxc5 15. Ne5 Nh6 16. Ndf3 Ne4 17.
Bd3 O-O-O 18. a4 e6 19. a5 c4 20. b6 Qb8 21. a6 cxd3 22. axb7+ Kxb7 23. bxa7 Qa8 24. cxd3 Rd6 25. dxe4 Ra6 26. Rxa6 Kxa6 27. Qa4+ Kb7 28. Qc6+ Kxa7 29. Ra1+ 1-0

[Event "Live Chess"]
[Site "Chess.com"]
[Date "2024.06.02"]
[Round "-"]
[White "MagnersCarlsberg2870"]
[Black "CheckThis4"]
[Result "0-1"]
[WhiteElo "1782"]
[BlackElo "2681"]
[TimeControl "300"]
[EndTime "7:24:05 PDT"]
[Termination "CheckThis4 won by checkmate"]

1. d4 Nf6 2. Nf3 g6 3. Bf4 Bg7 4. Qd2 c5 5. Bh6 Ne4 6. Qe3 Bxh6 7. Qxh6 Qb6 8. Qg7 Rf8 9. Nbd2 Nxd2 10. Nxd2 Qxb2 11.
Rd1 Nc6 12. e3 Nb4 13. Bd3 Nxd3+ 14. cxd3 cxd4 15. O-O d6 16. Ne4 Bf5 17. Rb1 Qxa2 18. Rxb7 Bxe4 19. dxe4 dxe3 20. fxe3 Qe6 21. Rfb1 Rc8 22.
Qd4 f6 23. Rxa7 Kf7 24. h3 Rfe8 25. Rbb7 Rc4 26. Qb2 Rxe4 27. Ra6 Rxe3 28. Ra1 Re2 29. Qb5 Qe4 30. Qb3+ Kf8 31. Rb8 Qxg2# 0-1

[Event "Live Chess"]
[Site "Chess.com"]
[Date "2024.06.02"]
[Round "-"]
[White "PureDashingOctopus"]
[Black "nitrofish07"]
[Result "0-1"]
[WhiteElo "2277"]
[BlackElo "2093"]
[TimeControl "300"]
[EndTime "7:24:12 PDT"]
[Termination "nitrofish07 won by checkmate"]

1. e4 c5 2. Nc3 a6 3. Nge2 d6 4. d4 cxd4 5. Nxd4 Nf6 6. f3 e5 7.
Nb3 Be7 8. Be3 Be6 9. Qd2 h5 10. O-O-O Nbd7 11. Nd5 Nxd5 12. exd5 Bf5 13. Be2 Rc8 14.
h4 Bxh4 15. Bd3 Bxd3 16. Qxd3 Bg5 17. g4 h4 18. Kb1 Nc5 19. Nxc5 Rxc5 20. Bxc5 dxc5 21.
Qf5 Qf6 22. Qc8+ Qd8 23. Qxb7 O-O 24. Qxa6 Qb8 25. d6 Rd8 26. d7 Bf6 27. Qd6 Qb5 28.
g5 Bxg5 29. Qxe5 Bf6 30. Qe8+ Rxe8 31. dxe8=Q+ Qxe8 32. Rhe1 Qb5 33. b3 Qa5 34. Re8+ Kh7 35. Rd3 Qa3 36. c3 Qa6 37. c4 Qa3 38. Re2 Qa8 39. a4 Qb8 40. Ka2 Bd4 41. Kb1 Qg3 42. Red2 h3 43. f4 Qxf4 44. Rxh3+ Kg8 45. Rhd3 g6 46.
a5 Qc7 47. b4 Bf6 48. Rd7 Qe5 49. b5 Qa1+ 50. Kc2 Qxa5 51. R2d3 Kg7 52. R7d6 Qa2+ 53.
Kd1 Qxc4 54. b6 Qb5 55. Kc2 c4 56. R3d5 Qb3+ 57. Kd2 c3+ 58. Ke2 c2 59. Rc5 Qb1 60.
Rdc6 Bg5 61. Rxc2 Qb5+ 62. Kf3 Bd8 63. R2c5 Qb3+ 64. Rc3 Qb5 65. R3c5 Qa6 66. Rd6 Bxb6 67. Rcc6 Qa8 68. Kg4 Bd4 69. Kg3 Bf6 70. Rxf6 Qb8+ 71. Rfd6 Kf8 72. Kf2 Ke7 73. Rf6 Qb2+ 74. Kg3 Qxf6 75. Rc7+ Ke6 76. Ra7 Kf5 77. Ra6 Qxa6 78.
Kf2 Qc4 79. Ke3 Ke5 80. Kd2 g5 81. Ke3 Qf4+ 82. Kd3 g4 83. Kc2 g3 84. Kb3 g2 85.
Kc3 g1=Q 86. Kb3 Qgg3+ 87. Kc2 Qff2+ 88. Kc1 Qgg1# 0-1

[Event "Live Chess"]
[Site "Chess.com"]
[Date "2024.06.02"]
[Round "-"]
[White "resipsa6"]
[Black "halfberg"]
[Result "0-1"]
[WhiteElo "2014"]
[BlackElo "1916"]
[TimeControl "300"]
[EndTime "7:24:17 PDT"]
[Termination "halfberg won by checkmate"]

1. e4 c5 2. Nf3 Nc6 3. d4 cxd4 4. Nxd4 Nf6 5. Nc3 e5 6. Nxc6 bxc6 7. Bg5 Be7 8. f3 O-O 9. h4 h6 10. Be3 d5 11. exd5 cxd5 12. Bf2 d4 13. Ne4 Nxe4 14. fxe4 Bb4+ 15. Ke2 Ba6+ 16. Kf3 Qf6+ 17. Kg3 Qf4+ 18. Kh3 Qxf2 19. Bxa6 Be7 20. g3 Qf6 21. Qg4 Qxa6 22. Raf1 Qe6 23. Qxe6 fxe6 24. g4 Rf4 25. Rxf4 exf4 26.
Rf1 e5 27. g5 hxg5 28. hxg5 Bxg5 29. a4 Rc8 30. b4 Rxc2 31. b5 Ra2 32. a5 Rxa5 33. b6 axb6 34. Rb1 b5 35. Kg4 Bf6 36. Kh5 Kf7 37. Rb3 g6+ 38. Kg4 Be7 39. Ra3 Ra4 40.
Rb3 b4 41. Rb2 Ke6 42. Rc2 Bd6 43. Rc8 Ra3 44. Re8+ Be7 45. Rb8 Rg3# 0-1

[Event "Live Chess"]
[Site "Chess.com"]
[Date "2024.06.02"]
[Round "-"]
[White "ivan_1968"]
[Black "jimwad"]
[Result "1-0"]
[WhiteElo "1817"]
[BlackElo "1332"]
[TimeControl "300"]
[EndTime "7:24:24 PDT"]
[Termination "ivan_1968 won on time"]

1. e4 e5 2. Nf3 Nc6 3. Bc4 Bc5 4. b4 Bxb4 5. c3 Bc5 6. d4 exd4 7. O-O dxc3 8. Bxf7+ Kf8 9. Bc4 d6 10. Nxc3 Nf6 11. Bg5 h6 12. Bh4 g5 13. Bg3 Kg7 14.
Re1 Rf8 15. e5 dxe5 16. Qxd8 Rxd8 17. Nxe5 Nxe5 18. Bxe5 Bf5 19. Nd5 Rf8 20. Nxf6 Rxf6 21. Rad1 Bc2 22. Bxf6+ Kxf6 23. Re6+ Kf5 24. Rd5+ Kxe6 25.
Rxc5+ Kd6 26. Rd5+ Kc6 27. Re5 Rd8 28. f3 Bd3 29. Bb3 Rd6 30. Kf2 Bh7 31. g3 Bg6 32. Ke3 Rd3+ 33. Ke2 Rd6 34. f4 gxf4 35. gxf4 Rf6 36.
Ke3 Rd6 37. f5 Bh5 38. f6 Rxf6 39. Rxh5 Rg6 40. Bd5+ Kb6 41. Be4 Re6 42. Kf4 c5 43. h4 Rf6+ 44. Rf5 Rd6 45. h5 Rd4 46. Rd5 Rxd5 47.
Bxd5 Kc7 48. Kf5 b5 49. Kg6 c4 50. Kxh6 c3 51. Bb3 a5 52. Kg7 a4 53. Bc2 b4 54. h6 b3 55. axb3 a3 56. h7 a2 57.
h8=Q a1=Q 58. Qh2+ Kc6 59. Qg2+ Kc5 60. Qf2+ Kd5 61.
Qf3+ Ke5 62. Qe3+ Kd5 63. Qe4+ Kd6 64. Qd4+ Kc6 65. Kf6 Qf1+ 66. Ke5 Qe1+ 67. Qe4+ Qxe4+ 68. Kxe4 Kc5 69. Kd3 Kb4 70. Bd1 c2 71. Bxc2 Kc5 72.
Kc3 Kb5 73. b4 Kb6 74. Kc4 Kc6 75. b5+ Kb6 76. Kb4 Kb7 77. Kc5 Kc7 78. b6+ Kb7 79.
Be4+ 1-0

[Event "Live Chess"]
[Site "Chess.com"]
[Date "2024.06.02"]
[Round "-"]
[White "gmnorfolk"]
[Black "TheSmoulderingMaster"]
[Result "1-0"]
[WhiteElo "2159"]
[BlackElo "1770"]
[TimeControl "300"]
[EndTime "7:24:25 PDT"]
[Termination "gmnorfolk won by resignation"]

1. c4 e5 2. Nc3 Nc6 3. Nf3 Nf6 4. g3 Bc5 5. Bg2 O-O 6. O-O d6 7. e3 Bg4 8. h3 Be6 9. d3 Qd7 10. Kh2 Bb6 11. a3 d5 12. b3 d4 13. exd4 exd4 14. Na4 Rfe8 15. b4 a5 16. Nxb6 cxb6 17. b5 Ne7 18.
Bb2 Nf5 19. g4 Qc7+ 20. Kg1 Nh6 21. g5 Nh5 22. gxh6 gxh6 23. Nxd4 Kh8 24. Nxe6+ 1-0

[Event "Live Chess"]
[Site "Chess.com"]
[Date "2024.06.02"]
[Round "-"]
[White "McCarthyStone"]
[Black "lateforthesky"]
[Result "1-0"]
[WhiteElo "2457"]
[BlackElo "2066"]
[TimeControl "300"]
[EndTime "7:24:28 PDT"]
[Termination "McCarthyStone won by resignation"]

1. b3 Nf6 2. Bb2 g6 3. Bxf6 exf6 4. c4 f5 5. Nc3 Bg7 6. g3 O-O 7. Bg2 c6 8. e3 d6 9. Nge2 Re8 10. O-O Nd7 11. Rc1 Nf6 12. h4 Ne4 13. d3 Nxc3 14.
Nxc3 Be6 15. d4 d5 16. cxd5 Bxd5 17. Nxd5 cxd5 18. Rc5 Qb6 19. Bxd5 Rac8 20. Qc2 Rxc5 21. Qxc5 Qxc5 22. dxc5 Re7 23. Rc1 Bf8 24. Kf1 Rc7 25. b4 Kg7 26. a3 Kf6 27. Ke2 Ke5 28.
Bf3 f6 29. Rd1 Be7 30. Rd4 g5 31. Kd3 h6 32. Kc4 a6 33. Bd5 f4 34. exf4+ gxf4 35.
Re4+ Kf5 36. Rxf4+ Ke5 37. Re4+ Kf5 38. h5 Kg5 39. f3 f5 40. Re5 Bf6 41. Re6 Bb2 42. Rb6 Bxa3 43. f4+ Kg4 44. Rxb7 1-0

[Event "Live Chess"]
[Site "Chess.com"]
[Date "2024.06.02"]
[Round "-"]
[White "Anareza_Firouzja"]
[Black "WorcesterYork"]
[Result "0-1"]
[WhiteElo "1885"]
[BlackElo "2452"]
[TimeControl "300"]
[EndTime "7:24:42 PDT"]
[Termination "WorcesterYork won by resignation"]

1. e4 c5 2. Nf3 Nc6 3. Bb5 d6 4. Bxc6+ bxc6 5. h3 e5 6. O-O f5 7. d3 Nf6 8. Nc3 f4 9. Ne2 Be7 10. c3 g5 11. d4 g4 12. hxg4 Bxg4 13. dxe5 Bxf3 14.
exf6 Bxf6 15. gxf3 Rg8+ 16. Kh1 Be5 17. Ng3 Qh4+ 18.
Kg2 fxg3 19. f4 gxf2+ 20. Kf3 Qh5+ 21. Kxf2 Qh2+ 22. Ke1 Qg3+ 23. Rf2 Bf6 24. Qh5+ Ke7 25. Qxh7+ Rg7 26. Qh2 Bh4 27. Qxg3 Bxg3 28. Be3 Bxf2+ 29. Kxf2 Rh8 0-1

[Event "Live Chess"]
[Site "Chess.com"]
[Date "2024.06.02"]
[Round "-"]
[White "JoeyCage"]
[Black "blunderabit"]
[Result "1-0"]
[WhiteElo "2400"]
[BlackElo "1765"]
[TimeControl "300"]
[EndTime "7:24:44 PDT"]
[Termination "JoeyCage won by resignation"]

1. e4 c5 2. Nf3 d6 3. d4 cxd4 4. Nxd4 Nf6 5. Nc3 a6 6. Bc4 e6 7.
Bb3 b5 8. a3 Be7 9. g4 h6 10.
h4 Qc7 11. Rg1 Bb7 12. Qd3 Nc6 13. g5 hxg5 14. hxg5 Nd7 15. Bxe6 Nxd4 16. Bxd7+ Qxd7 17. Qxd4 Rg8 18. Bf4 O-O-O 19. O-O-O Kb8 20. Be3 Bc6 21. Nd5 Bxd5 22. Qxd5 Rgf8 23. Rd2 Rc8 24. Rgd1 Qc6 25. Bf4 Qxd5 26. Rxd5 Rc4 27. f3 Rfc8 28. c3 R4c5 29. Rxd6 Bxg5 30. Bxg5 Rxg5 31. Rxa6 Rg3 32. Rd3 Kb7 33.
Rad6 Rc7 34. Kc2 g5 35. Kb3 g4 36. fxg4 Rxg4 37. e5 Rc5 38. Rd7+ Kc8 39. Rd8+ Kc7 40. R3d7+ Kc6 41. Rd6+ Kc7 42. R8d7+ Kc8 43. Rxf7 Rxe5 44. Ra6 Kb8 45. Rh6 1-0

[Event "Live Chess"]
[Site "Chess.com"]
[Date "2024.06.02"]
[Round "-"]
[White "Inglaterra"]
[Black "Pablo_dmp"]
[Result "1/2-1/2"]
[WhiteElo "2048"]
[BlackElo "1985"]
[TimeControl "300"]
[EndTime "7:24:48 PDT"]
[Termination "Game drawn by repetition"]

1. e4 c5 2. Nf3 Nc6 3. Bb5 Nd4 4. Nxd4 cxd4 5. O-O a6 6. Bc4 Nf6 7. d3 d5 8. exd5 Nxd5 9. Re1 Be6 10. Nd2 g6 11. Ne4 Bg7 12. Qf3 O-O 13. Ng5 Qd6 14. Nxe6 fxe6 15. Qe4 b5 16. Bxd5 Qxd5 17. Qxd5 exd5 18. Rxe7 Rae8 19. Rxe8 Rxe8 20. Kf1 Be5 21. a4 b4 22. a5 Rc8 23. Bd2 Rxc2 24. Bxb4 Rxb2 25. Bc5 Rd2 26.
Re1 Bf6 27. Re6 Kf7 28. Rxa6 Rxd3 29. Rd6 Rc3 30. Rxd5 d3 31. Ke1 Bg7 32. Bd4 Bxd4 33. Rxd4 Ra3 34. Kd2 Rxa5 35. Rxd3 Ra2+ 36. Ke3 Ra6 37.
g4 Re6+ 38. Kf4 Kg7 39. h4 Re7 40. Rd5 h6 41. Rd6 Rf7+ 42. Kg3 g5 43. h5 Re7 44. f3 Rf7 45. Re6 Kh7 46. Kf2 Kg7 47. Ke3 Kh7 48.
Re5 Kg7 49. Ke4 Rf4+ 50. Ke3 Rf7 51. Rf5 Re7+ 52. Kd4 Rd7+ 53. Ke5 Re7+ 54. Kd6 Re3 55. Kd5 Re7 56. Re5 Rf7 57. Ke4 Rf4+ 58. Ke3 Rf7 1/2-1/2

[Event "Live Chess"]
[Site "Chess.com"]
[Date "2024.06.02"]
[Round "-"]
[White "degringolade64"]
[Black "Dashman93"]
[Result "1-0"]
[WhiteElo "2081"]
[BlackElo "2134"]
[TimeControl "300"]
[EndTime "7:24:49 PDT"]
[Termination "degringolade64 won by resignation"]

1. e4 e5 2. Nf3 Nc6 3. Bc4 Nf6 4.
d3 Bc5 5. Nc3 d6 6. Na4 Na5 7.
Nxc5 Nxc4 8. dxc4 dxc5 9. Qxd8+ Kxd8 10. Bg5 h6 11. O-O-O+ Ke7 12. Bh4 g5 13. Bg3 Nxe4 14. Bxe5 f6 15. Rhe1 Nxf2 16. Bg3+ 1-0

[Event "Live Chess"]
[Site "Chess.com"]
[Date "2024.06.02"]
[Round "-"]
[White "ClassyChameleon"]
[Black "GerardATHart"]
[Result "0-1"]
[WhiteElo "1535"]
[BlackElo "1404"]
[TimeControl "300"]
[EndTime "7:24:56 PDT"]
[Termination "GerardATHart won by resignation"]

1. e4 e5 2. Nf3 Nc6 3. c3 Nf6 4. d4 exd4 5. e5 Ne4 6. cxd4 d5 7. Bb5 Be7 8. O-O O-O 9. Nc3 Bg4 10. h3 Bh5 11. Qd3 Nb4 12. Qe2 Bxf3 13. Qxf3 Nc2 14.
Rb1 Nxd4 15. Qd3 Nxb5 16. Nxb5 c6 17. Nd4 a6 18. Be3 f5 19. Ne6 Qd7 20. Nxf8 Rxf8 21.
Bf4 g5 22. Bh2 f4 23. Rfe1 Qf5 24. Qd4 Bc5 25. Qd3 Nxf2 26. Qxf5 Rxf5 27. Re2 Nxh3+ 28. Kh1 Nf2+ 29. Kg1 Nd3+ 30. Kh1 Nxe5 31. Rc1 Bd6 32. Rce1 Kf7 33. a3 Kf6 34. b4 g4 35. Bg1 Rh5+ 36. Bh2 g3 37. Kg1 gxh2+ 38. Kh1 Ng4 39. Re6+ Kf5 40. R1e2 Nf2+ 41. Rxf2 Kxe6 42. Rxf4 Bxf4 43.
g3 Bxg3 0-1

[Event "Live Chess"]
[Site "Chess.com"]
[Date "2024.06.02"]
[Round "-"]
[White "jimwad"]
[Black "gmnorfolk"]
[Result "0-1"]
[WhiteElo "1332"]
[BlackElo "2159"]
[TimeControl "300"]
[EndTime "7:25:21 PDT"]
[Termination "gmnorfolk won by resignation"]

1. d4 Nf6 2. c4 g6 3. Nc3 d5 4.
e3 Bg7 5. Nf3 O-O 6. Bd3 c5 7.
dxc5 Nc6 8. cxd5 Nxd5 9. O-O Nxc3 10. bxc3 Bxc3 11. Bb5 Qxd1 12. Rxd1 Bxa1 0-1

[Event "Live Chess"]
[Site "Chess.com"]
[Date "2024.06.02"]
[Round "-"]
[White "kylet1990"]
[Black "JanMur7"]
[Result "0-1"]
[WhiteElo "750"]
[BlackElo "2295"]
[TimeControl "300"]
[EndTime "7:25:26 PDT"]
[Termination "JanMur7 won by resignation"]

1. e4 g6 2. d4 Bg7 3. Nf3 c5 4.
d5 d6 5. Nc3 Nf6 6. Bb5+ Bd7 7.
Qd3 O-O 8. Bg5 a6 9. Bxd7 Nbxd7 10. Bxf6 Nxf6 11. O-O-O b5 12. b3 c4 13. bxc4 bxc4 14. Qxc4 Rc8 15. Qd3 Qa5 16. Kd2 Rxc3 17. Qxc3 Nxe4+ 0-1

[Event "Live Chess"]
[Site "Chess.com"]
[Date "2024.06.02"]
[Round "-"]
[White "Queensandpawns"]
[Black "silunn"]
[Result "1-0"]
[WhiteElo "2286"]
[BlackElo "2090"]
[TimeControl "300"]
[EndTime "7:25:33 PDT"]
[Termination "Queensandpawns won by resignation"]

1. e4 e6 2. d4 d5 3. Nd2 c5 4.
exd5 exd5 5. dxc5 Bxc5 6. Ngf3 Nc6 7. Bd3 Nge7 8. O-O Bg4 9. h3 Bh5 10. Re1 O-O 11. c3 Rc8 12. Qc2 Bg6 13. Bxg6 Nxg6 14. Qd3 Re8 15. Nb3 Rxe1+ 16. Nxe1 Qe7 17. Nf3 Bb6 18.
Bg5 Qd6 19. Rd1 Nce7 20. c4 f6 21. Be3 Bxe3 22. fxe3 Qb6 23. cxd5 Rd8 24. d6 Nc6 25. Qd5+ Kh8 26. Nc5 Qxb2 27. d7 Nge5 28. Nxe5 Nxe5 29. Qe6 1-0

[Event "Live Chess"]
[Site "Chess.com"]
[Date "2024.06.02"]
[Round "-"]
[White "bonantagulo"]
[Black "Purple1szed"]
[Result "1-0"]
[WhiteElo "2233"]
[BlackElo "2002"]
[TimeControl "300"]
[EndTime "7:25:39 PDT"]
[Termination "bonantagulo won by checkmate"]

1. d4 d5 2. c4 c6 3. Nc3 dxc4 4. e4 Nf6 5. Bxc4 Bg4 6. Qb3 e6 7. Qxb7 Nbd7 8. Bg5 Rb8 9. Qxc6 Be7 10. e5 Ng8 11. Bxe7 Nxe7 12. Qe4 Bf5 13. Qe2 O-O 14. Nf3 Nb6 15. Bb3 Qd7 16. O-O Rfd8 17. Rfd1 Nc6 18.
d5 exd5 19. Nxd5 Nxd5 20. Rxd5 Qe7 21. Rad1 Be6 22. Rxd8+ Rxd8 23. Bxe6 Rxd1+ 24. Qxd1 Qxe6 25. Qd6 Qxd6 26. exd6 Kf8 27. Kf1 Ke8 28. Ke2 Kd7 29. Kd3 Kxd6 30. Nd4 Ne5+ 31. Ke4 Nc4 32. b3 Nd2+ 33.
Kd3 Nf1 34. Nf5+ Ke5 35. Nxg7 Nxh2 36. Nh5 Ng4 37. b4 Nxf2+ 38. Ke3 Nd1+ 39. Kd2 Nb2 40. Kc3 Na4+ 41. Kc4 Nb6+ 42. Kb5 Nc8 43. Ka6 Kd6 44. Kb7 Kd7 45. Nf6+ Kd8 46. Nxh7 f5 47. Nf6 Nd6+ 48.
Kxa7 Ke7 49. Nd5+ Ke6 50. Ne3 f4 51. Nf1 Kf5 52. a4 Kg4 53. b5 Ne4 54. b6 Ng3 55.
Nxg3 Kxg3 56. b7 Kxg2 57. b8=Q f3 58. Qf4 f2 59. Qxf2+ Kxf2 60. a5 Ke3 61. a6 Kd4 62. Kb6 Kd5 63. a7 Kd6 64. a8=Q Ke6 65. Qc6+ Ke7 66.
Kc5 Kf7 67. Qd6 Kg7 68. Kc6 Kh7 69. Qd7+ Kg6 70. Kd6 Kg5 71. Qe6 Kf4 72. Qe5+ Kf3 73. Ke6 Kf2 74. Kf5 Kf1 75. Qe4 Kf2 76. Kf4 Kg1 77. Qc2 Kf1 78. Kf3 Ke1 79. Qe2# 1-0

[Event "Live Chess"]
[Site "Chess.com"]
[Date "2024.06.02"]
[Round "-"]
[White "imchessive"]
[Black "Mangoalo"]
[Result "1-0"]
[WhiteElo "1588"]
[BlackElo "1066"]
[TimeControl "300"]
[EndTime "7:25:42 PDT"]
[Termination "imchessive won by resignation"]

1. d4 Nf6 2. c4 e6 3. Nf3 Bb4+ 4. Nc3 c5 5. g3 cxd4 6. Nxd4 Nc6 7.
Nxc6 bxc6 8. Bg2 d5 9. cxd5 cxd5 10. O-O Ba6 11. Bg5 O-O 12. Rc1 h6 13. Bf4 Qd7 14.
a3 Bxc3 15. Rxc3 Rfc8 16. Qb3 Rxc3 17. bxc3 Bxe2 18. Rb1 Bc4 19. Qb4 Ne4 20. Bxe4 dxe4 21. Qxc4 Qd5 22. Qxd5 exd5 1-0

[Event "Live Chess"]
[Site "Chess.com"]
[Date "2024.06.02"]
[Round "-"]
[White "V1nas"]
[Black "juniortay"]
[Result "0-1"]
[WhiteElo "1313"]
[BlackElo "2303"]
[TimeControl "300"]
[EndTime "7:25:43 PDT"]
[Termination "juniortay won by resignation"]

1. d4 Nf6 2. Nc3 d5 3. Bg5 Nbd7 4. e3 c6 5. Bd3 e5 6. dxe5 Nxe5 7. Qe2 Qa5 8. Bxf6 gxf6 9. Nf3 Bg4 10. h3 Bxf3 11. gxf3 Ba3 12. Rb1 Bxb2 13. Bf5 0-1

[Event "Live Chess"]
[Site "Chess.com"]
[Date "2024.06.02"]
[Round "-"]
[White "NeilDruggan73"]
[Black "seasidecastle27"]
[Result "1-0"]
[WhiteElo "1717"]
[BlackElo "1944"]
[TimeControl "300"]
[EndTime "7:25:54 PDT"]
[Termination "NeilDruggan73 won by checkmate"]

1. d4 e6 2. Nf3 d5 3. Bg5 Be7 4. h4 h6 5. Bf4 Bd6 6. Bxd6 Qxd6 7. e3 Nd7 8. Bd3 Ngf6 9. c3 e5 10. dxe5 Nxe5 11. Nxe5 Qxe5 12. Nd2 c6 13. Nf3 Qe7 14. Qc2 Bg4 15. O-O-O O-O-O 16. Rde1 Kb8 17. Nd4 Rhe8 18. f3 Bc8 19. g4 Qc7 20. b4 a6 21. Kd2 Qg3 22. h5 Qg2+ 23. Kc1 Qxc2+ 24. Kxc2 Re7 25. Re2 Rde8 26. Rhe1 Nd7 27. Bf5 Ne5 28. Bxc8 Kxc8 29. Nf5 Rd7 30. Nd4 f6 31. e4 Nc4 32. exd5 Rxe2+ 33. Rxe2 Rxd5 34. Re8+ Kc7 35. Re7+ Rd7 36. Ne6+ Kd6 37.
Rxd7+ Kxd7 38. Nxg7 Ne5 39. Nf5 Nxf3 40. Nxh6 Ne5 41.
Kd2 Ke7 42. Ke3 Kf8 43. Ke4 Kg7 44. Nf5+ Kf8 45. h6 Nxg4 46. h7 Nh6 47. h8=Q+ Ng8 48.
Qg7+ Ke8 49. Qxg8+ Kd7 50. Qg7+ Ke6 51. Qe7# 1-0

[Event "Live Chess"]
[Site "Chess.com"]
[Date "2024.06.02"]
[Round "-"]
[White "DoctorMantisTobogganMD"]
[Black "StoreySniper"]
[Result "0-1"]
[WhiteElo "2227"]
[BlackElo "2498"]
[TimeControl "300"]
[EndTime "7:25:58 PDT"]
[Termination "StoreySniper won on time"]

1. e4 g6 2. Nc3 Bg7 3. d4 c5 4. Nf3 cxd4 5. Nxd4 Nc6 6. Nxc6 bxc6 7. Bc4 Qa5 8. Qf3 Nf6 9. O-O O-O 10. e5 Qxe5 11.
Bf4 Qc5 12. Bb3 d5 13. Rfe1 e6 14. Na4 Qa5 15. Bd6 Re8 16. Be5 Nd7 17. Bxg7 Kxg7 18. Qg3 e5 19. h4 h5 20. Rad1 Ba6 21. Nc3 Bb7 22. f4 exf4 23. Qxf4 Qc5+ 24. Kh1 Re7 25.
Rxe7 Qxe7 26. Qd4+ Qf6 27. Qxf6+ Nxf6 28. Na4 Ne4 29.
Kg1 Ba6 30. c3 Bb5 31. Bc2 Re8 32. Rd4 Nf6 33. Bd3 Bxa4 34. Rxa4 Ng4 35. g3 Re3 36.
Ba6 Rxg3+ 37. Kf1 Rh3 38. Bb7 Rxh4 39. Bxc6 Ne3+ 40. Ke2 Rxa4 41. Kxe3 Rxa2 42. b4 Ra3 43. Kd4 h4 44. Bxd5 h3 45. c4 h2 46. c5 Ra1 47.
Bg2 Rg1 48. Bf3 Rg3 49. Bh1 Rg1 50. Bc6 Rd1+ 51. Kc4 Rc1+ 52. Kb5 Rb1 0-1

[Event "Live Chess"]
[Site "Chess.com"]
[Date "2024.06.02"]
[Round "-"]
[White "AndyJWise"]
[Black "agamilewska"]
[Result "0-1"]
[WhiteElo "1045"]
[BlackElo "1754"]
[TimeControl "300"]
[EndTime "7:25:58 PDT"]
[Termination "agamilewska won by resignation"]

1. d4 d5 2. c4 Nf6 3. Nc3 e6 4. Bg5 dxc4 5. e4 Be7 6. Bxc4 h6 7. Bh4 O-O 8. Nf3 Nc6 9. O-O b6 10. Bxf6 Bxf6 11. e5 Bg5 12. h4 Bxh4 13. Nxh4 Qxh4 14. Rc1 Qxd4 15. Qxd4 Nxd4 16. Nb5 c5 17. Nc7 Rb8 18.
f4 Bb7 19. Rcd1 Rfc8 20. Nb5 Nxb5 21. Bxb5 Bd5 22. a3 a5 23. f5 c4 24. fxe6 fxe6 25.
Kf2 Rc5 26. a4 c3 27. bxc3 Rxc3 28. Rd3 Rf8+ 29. Ke3 Rxd3+ 30. Kxd3 Rxf1 0-1

[Event "Live Chess"]
[Site "Chess.com"]
[Date "2024.06.02"]
[Round "-"]
[White "davigator"]
[Black "raimundklein"]
[Result "0-1"]
[WhiteElo "2333"]
[BlackElo "1580"]
[TimeControl "300"]
[EndTime "7:26:16 PDT"]
[Termination "raimundklein won by checkmate"]

1. e4 c6 2. d4 d5 3. e5 Bf5 4.
Nf3 e6 5. Be2 Nd7 6. O-O Ne7 7.
Be3 Bg6 8. Nbd2 Nf5 9. c3 c5 10. a3 Be7 11. b4 b6 12. Nb3 O-O 13. Bb5 a6 14. Bxd7 Qxd7 15. bxc5 Nxe3 16. fxe3 bxc5 17. dxc5 Qc7 18. Qd4 a5 19. a4 Rab8 20.
Nfd2 Bc2 21. Ra3 Rb7 22. Rc1 Bg6 23. c4 dxc4 24. Nxc4 Ra8 25. Nd6 Rb4 26. Qc3 Rg4 27. Ra2 h5 28. Nd4 h4 29. N4b5 Qc6 30. Nd4 Qd5 31. Rd2 h3 32. g3 Qxe5 33. Nc6 Rxg3+ 34. hxg3 Qxg3+ 35. Kf1 h2 36. Nxe7+ Kh7 37. Rxh2+ Qxh2 38. Nxg6 fxg6 39. Ke1 Rf8 40. Rc2 Qg1+ 41. Kd2 Rf2+ 42. Kd3 Qf1+ 43. Kd4 Qd1+ 44. Ke5 Qd5# 0-1

[Event "Live Chess"]
[Site "Chess.com"]
[Date "2024.06.02"]
[Round "-"]
[White "Larchikov"]
[Black "beltmanjb"]
[Result "1-0"]
[WhiteElo "2118"]
[BlackElo "1683"]
[TimeControl "300"]
[EndTime "7:26:17 PDT"]
[Termination "Larchikov won by resignation"]

1. e4 c5 2. f4 d5 3. exd5 Nf6 4. Nf3 Nxd5 5. Bc4 e6 6. O-O Bd6 7. d3 O-O 8. Ng5 h6 9. Ne4 Be7 10. Nbc3 a6 11. a4 Nb6 12. Bb3 N8d7 13. a5 Nd5 14. Nxd5 exd5 15. Bxd5 Nf6 16. Nxf6+ Bxf6 17. Be4 Qc7 18.
c3 Be6 19. Qf3 Rab8 20. f5 Bd7 21. Bf4 Be5 22. Qg3 Bxf4 23. Qxf4 Qxf4 24. Rxf4 Rfe8 25. Rf2 b6 26. axb6 Rxb6 27. Bd5 Rf6 28. g4 h5 29. h3 Re3 30. Kg2 Rxd3 31. Bc4 Rdd6 32. Raf1 Bb5 33. Bxb5 axb5 34. g5 1-0

[Event "Live Chess"]
[Site "Chess.com"]
[Date "2024.06.02"]
[Round "-"]
[White "ivan_1968"]
[Black "MagnersCarlsberg2870"]
[Result "1-0"]
[WhiteElo "1831"]
[BlackElo "1775"]
[TimeControl "300"]
[EndTime "7:26:20 PDT"]
[Termination "ivan_1968 won by resignation"]

1. d4 Nf6 2. c4 e5 3. dxe5 Ng4 4. Bf4 Nc6 5. Nf3 Bb4+ 6. Nbd2 Qe7 7. e3 Ngxe5 8. Nxe5 Nxe5 9. Be2 g5 10. Bg3 h5 11.
h4 g4 12. a3 Bxd2+ 13. Qxd2 d6 14. Qc3 Bf5 15. c5 O-O-O 16. cxd6 1-0

[Event "Live Chess"]
[Site "Chess.com"]
[Date "2024.06.02"]
[Round "-"]
[White "TigerTank70"]
[Black "Ferrarifan27"]
[Result "1/2-1/2"]
[WhiteElo "2188"]
[BlackElo "2138"]
[TimeControl "300"]
[EndTime "7:26:43 PDT"]
[Termination "Game drawn by repetition"]

1. e4 e5 2. Nf3 Nc6 3. Bc4 Bc5 4. b4 Bxb4 5. c3 Ba5 6. O-O d6 7. d4 exd4 8. cxd4 Bd7 9. Qb3 Qf6 10. Bg5 Qg6 11. d5 Ne5 12. Nxe5 dxe5 13. Qxb7 Qxg5 14. Qxa8+ Ke7 15. d6+ cxd6 16. Qd5 Nh6 17. f4 Bb6+ 18. Kh1 Qh5 19. fxe5 dxe5 20. Nd2 Rd8 21. Qb7 f6 22. Nf3 Ng4 23. Rad1 Ne3 24. Bb5 Nxd1 25. Rxd1 Qg4 26. Bc4 Ke8 27. Qd5 Be6 28. Qc6+ Bd7 29. Qd5 Be6 30. Qc6+ Bd7 31. Qd5 1/2-1/2

[Event "Live Chess"]
[Site "Chess.com"]
[Date "2024.06.02"]
[Round "-"]
[White "Purple1szed"]
[Black "kylet1990"]
[Result "1-0"]
[WhiteElo "2002"]
[BlackElo "750"]
[TimeControl "300"]
[EndTime "7:26:45 PDT"]
[Termination "Purple1szed won by resignation"]

1. e4 c6 2. d4 d5 3. e5 Bf5 4. h4 e6 5. g4 Qa5+ 6. Bd2 Qxd2+ 7. Qxd2 Bxc2 8. Qxc2 Ba3 9. Nxa3 Nf6 10. exf6 g6 11.
h5 1-0

[Event "Live Chess"]
[Site "Chess.com"]
[Date "2024.06.02"]
[Round "-"]
[White "Grace6363"]
[Black "dl_chess"]
[Result "0-1"]
[WhiteElo "1129"]
[BlackElo "1198"]
[TimeControl "300"]
[EndTime "7:26:46 PDT"]
[Termination "dl_chess won by resignation"]

1. d4 Nf6 2. c4 g6 3. Bg5 Bg7 4. Bxf6 Bxf6 5. Nf3 d6 6. e4 Bg4 7. d5 O-O 8. Nc3 c6 9. Be2 Qa5 10. O-O Bxc3 11. bxc3 Qxc3 12. Qd2 Qxd2 13. Nxd2 0-1

[Event "Live Chess"]
[Site "Chess.com"]
[Date "2024.06.02"]
[Round "-"]
[White "Frankie_Badacsonyi"]
[Black "DJ_Lambton"]
[Result "1-0"]
[WhiteElo "2391"]
[BlackElo "1820"]
[TimeControl "300"]
[EndTime "7:26:47 PDT"]
[Termination "Frankie_Badacsonyi won by resignation"]

1. c4 c6 2. d4 d5 3. cxd5 cxd5 4.
Bf4 Nf6 5. e3 Bf5 6. Nc3 a6 7.
Nf3 e6 8. Qb3 b5 9. Ne5 Nbd7 10.
Be2 Be7 11. Nc6 Qb6 12. Nxe7 Kxe7 13. O-O Rhc8 14. Rac1 Kf8 15. h3 Rc6 16. a3 Rac8 17. Na2 a5 18. Qxb5 Qxb5 19. Bxb5 Rc2 20. Bd6+ Kg8 21. Rxc2 Rxc2 22. Rc1 h6 23. Rxc2 Bxc2 24. Bc7 a4 25. Nc3 Nf8 26. Bxa4 Bxa4 27. Nxa4 Ne4 28. b4 Ng6 29. b5 Kf8 30. b6 Ne7 31. b7 Nc6 32. b8=Q+ Nxb8 33. Bxb8 Ke7 34. Nc5 Kd8 35. Nxe4 dxe4 36. Bd6 Kd7 37. Bb4 Kc6 38. a4 Kb6 39.
a5+ Kb5 40. Kf1 g6 41. Ke2 h5 42. Kd2 f5 43. h4 Ka6 44. Kc3 Kb5 45. g3 1-0